 Dungeon Crawl Stone Soup version 0.31-a0-210-gccc998d (webtiles) character file.

Game seed: 4392129394255043046

191 Dawnplanks the Shield-Bearer (level 6, 0/48 HPs)
             Began as a Formicid Fighter on June 29, 2023.
             Slain by a wyvern (12 damage)
             ... on level 4 of the Dungeon.
             The game lasted 00:03:30 (2893 turns).

Dawnplanks the Shield-Bearer (Formicid Fighter)     Turns: 2893, Time: 00:03:31

Health: 0/48       AC: 11    Str: 20    XL:     6   Next: 2%
Magic:  6/6        EV:  9    Int:  8    God:
Gold:   166        SH:  5    Dex: 15    Spells: 5/5 levels left

rFire   + . .        a - +0 long sword
rCold   . . .        c - +0 buckler
rNeg    . . .        b - +0 scale mail
rPois   .            (helmet unavailable)
rElec   .            (no cloak)
rCorr   .            (no gloves)
SInv    +            (no boots)
Will    .....        (no amulet) Stlth
                     f - +4 ring of protection
HPRegen 0.28/turn    u - ring of protection from fire
MPRegen 0.10/turn

%: no passive effects
@: no status effects
A: permanent stasis, dig shafts and tunnels, antennae 3, four strong arms
a: Dig, Shaft Self


You were on level 4 of the Dungeon.
You visited 1 branch of the dungeon, and saw 4 of its levels.

You collected 166 gold pieces.

Inventory:

Hand Weapons
 a - a +0 long sword (weapon)
Armour
 b - a +0 scale mail (worn)
 c - a +0 buckler (worn)
Jewellery
 f - a +4 ring of protection (left hand)
 u - a ring of protection from fire (right hand)
Scrolls
 e - 2 scrolls of revelation {unknown}
 g - a scroll of amnesia {unknown}
 h - 3 scrolls of identify {unknown}
 i - 4 scrolls of enchant weapon {unknown}
 j - a scroll of enchant armour {unknown}
 k - a scroll of poison {unknown}
 n - a scroll of torment {unknown}
 o - 2 scrolls of brand weapon {unknown}
 q - a scroll of teleportation {unknown}
 r - 2 scrolls of fog {unknown}
 w - a scroll of vulnerability {unknown}
Potions
 d - a potion of might
 l - a potion of degeneration {unknown}
 m - a potion of invisibility {unknown}
 p - 2 potions of lignification {unknown}
 s - 2 potions of attraction {unknown}
 t - a potion of berserk rage {unknown}
 v - a potion of curing {unknown}


   Skills:
 + Level 3.8 Fighting
 + Level 4.0 Long Blades
 + Level 4.3 Armour
 + Level 1.1 Dodging
 + Level 4.8 Shields


You had 5 spell levels left.
You didn't know any spells.
Your spell library was empty.

Dungeon Overview and Level Annotations

Branches:
Dungeon (4/15)
 Temple: D:4-7

Altars:
Dithmenos
Nemelex Xobeh

Annotations:
D:4 Sigmund


Innate Abilities, Weirdness & Mutations

You cannot be hasted, slowed, berserked, paralysed or teleported.
You can dig through walls and to a lower floor.
You have a pair of large antennae on your head. (SInv)
Your four strong arms can wield two-handed weapons with a shield.


Message History

You hit the hobgoblin.
You kill the hobgoblin!
You barely miss the goblin. You block the goblin's attack.
You hit the wyvern.
The wyvern is lightly wounded.
The wyvern closely misses you. The goblin completely misses you.
The wyvern misses you.
You slash the wyvern!
The wyvern is heavily wounded.
You block the wyvern's attack. You block the goblin's attack.
The wyvern closely misses you.
You hit the wyvern.
The wyvern is heavily wounded.
The goblin hits you with a +2 dagger of pain.
The wyvern bites you.
You hit the wyvern but do no damage.
The wyvern is heavily wounded.
The wyvern bites you.
The goblin hits you with a +2 dagger of pain.
The wyvern bites you but does no damage.
You block the goblin's attack.
You hit the wyvern.
The wyvern is heavily wounded.
The wyvern bites you. The wyvern closely misses you.
The goblin barely misses you.
You hit the wyvern.
The wyvern is severely wounded.
The wyvern bites you. The goblin completely misses you.
The wyvern closely misses you.
You closely miss the wyvern.
The wyvern is severely wounded.
The wyvern bites you but does no damage.
The goblin hits you but does no damage. The wyvern bites you!
You hit the wyvern but do no damage.
The wyvern is severely wounded.
The wyvern bites you!
The goblin hits you with a +2 dagger of pain.
* * * LOW HITPOINT WARNING * * *
The wyvern bites you!
You die...

......#.>.#
#.....#h..# . #
##.....#####..
#.#...........?.
...[............
#............
##.....lg.#
##(....<@..#
...........#
###...>....#
.)..<......#
#####.###### ..
#.# .. ..#


You could see a wyvern, a hound and a goblin.

Vanquished Creatures
  A jelly (D:3)
  Jessica (D:3)
  Terence (D:3)
  2 adders (D:3)
  5 worms
  5 dart slugs
  An orc (D:3)
  7 endoplasms
  4 giant cockroaches
  4 hobgoblins
  4 jackals (D:2)
  5 ball pythons
  10 bats
  6 frilled lizards
  5 goblins
  5 kobolds
  6 rats
72 creatures vanquished.

Notes
Turn   | Place    | Note
-------+----------+-------------------------------------------
     0 | D:1      | Dawnplanks the Formicid Fighter began the quest for the
                  | Orb.
     0 | D:1      | Reached XP level 1. HP: 18/18 MP: 1/1
    93 | D:1      | Reached XP level 2. HP: 21/24 MP: 2/2
   328 | D:1      | Reached XP level 3. HP: 29/29 MP: 3/3
   916 | D:2      | Found a sparkling altar of Nemelex Xobeh.
   998 | D:2      | Reached XP level 4. HP: 33/36 MP: 4/4
  1613 | D:3      | Noticed Jessica
  1654 | D:3      | Killed Jessica
  1655 | D:3      | Reached XP level 5. HP: 31/42 MP: 5/5
  1731 | D:3      | Noticed Terence
  1755 | D:3      | Killed Terence
  2172 | D:3      | Reached skill level 1 in Dodging
  2296 | D:3      | Found a shadowy altar of Dithmenos.
  2511 | D:3      | Reached XP level 6. HP: 48/48 MP: 6/6
  2824 | D:4      | Noticed Sigmund
  2881 | D:4      | Noticed a wyvern
  2893 | D:4      | Slain by a wyvern

Illustrated notes

Levels and vault maps discovered:
D:1:      shiori_arrival_elements, layout_loops_ring
D:2:      layout_basic, basic_altar, nicolae_wormholes
D:3:      layout_loops_corners, overflow_temple_1_default, uniq_terence,
          uniq_jessica
D:4:      layout_rooms, gammafunk_temple_overflow_elements, serial_shops, shop,
          nicolae_take_the_stairs, kennysheep_mini, uniq_sigmund

Skill      XL: |  1  2  3  4  5 |
---------------+----------------+-----
Long Blades    | 3 4 |  4.0
Armour         | 4 |  4.3
Dodging        | 1 |  1.1
Fighting       | |  3.8
Shields        | |  4.8

Action                     |  1- 3 |  4- 6 || total
---------------------------+-------+-------++-------
  Melee: Long sword        |   103 |   133 ||   236
 Armour: Scale mail        |    46 |    60 ||   106
  Dodge: Dodged            |    52 |    54 ||   106
  Block: Buckler           |    24 |    38 ||    62

Table legend: (Time is in decaauts)
 A = Elapsed time spent in this place.
 B = Non-inter-level travel time spent in this place.
 C = Inter-level travel time spent in this place.
 D = Time resting spent in this place.
 E = Time spent auto-exploring this place.
 F = Levels seen in this place.
 G = Mean time per level.
                   A        B        C        D        E       F      G
               +--------+--------+--------+--------+--------+-----+--------+
         Total |   2958 |   2802 |    156 |     96 |   2153 |   4 |  739.5 |
       Dungeon |   2958 |   2802 |    156 |     96 |   2153 |   4 |  739.5 |
               +--------+--------+--------+--------+--------+-----+--------+

Top non-repeatable levels by time:
     D:3: 1249 daAuts
     D:1: 879 daAuts
     D:2: 809 daAuts
     D:4: 19 daAuts
